 Dungeon Crawl Stone Soup version 0.15.0-11-g6f4f891 (webtiles) character file.

246623 HungrySpirit the Executioner (level 18, 184/184 HPs)
             Began as a Minotaur Berserker on Aug 30, 2014.
             Was the Champion of Trog.
             Took a swim in molten lava
             ... on Level 3 of the Abyss.
             The game lasted 01:42:17 (38247 turns).

HungrySpirit the Executioner (Minotaur Berserker)  Turns: 38247, Time: 01:42:17

HP 184/184       AC 41     Str 31      XL: 18   Next: 80%
MP   7/7         EV  8     Int  4 (6)  God: Trog [******]
Gold 1616        SH  0     Dex 12      Spells:  0 memorised, 17 levels left

rFire  + . .     SeeInvis +     Q - +6 executioner's axe of the Manifold Stars {vamp, rN+}
rCold  + . .     Clarity  +     X - +12 plate armour of the Suns {rF+ Stlth+}
rNeg   + . .     rCorr    .     (no shield)
rPois  +         rRot     .     W - +3 crown of Dyrovepreva {rElec Int+2 SInv}
rElec  +         Spirit   .     l - +0 cloak
SustAb .         Warding  .     w - +2 pair of gloves {Str+3}
rMut   .         Stasis   .     T - +2 pair of boots {run}
Gourm  .                        b - amulet of clarity
MR     +....                    V - ring of poison resistance
                                L - ring of protection from cold

@: quick, somewhat resistant to hostile enchantments, extremely unstealthy
A: retaliatory headbutt, horns 2
a: Burn Spellbooks, Berserk, Trog's Hand, Brothers in Arms, Renounce Religion
}: 2/15 runes: decaying, gossamer


You were on level 3 of the Abyss.
You worshipped Trog.
Trog was exalted by your worship.
You were not hungry.

You visited 6 branches of the dungeon, and saw 37 of its levels.
You visited the Abyss 1 time.
You also visited: Labyrinth and Ice Cave.

You collected 4004 gold pieces.
You spent 2388 gold pieces at shops.

Inventory:

Hand weapons
 f - a +2 executioner's axe of flaming
 O - a +6 antimagic executioner's axe
 Q - the +6 executioner's axe of the Manifold Stars (weapon) {vamp, rN+}
   (Trog gifted it to you on level 5 of the Spider Nest)

   It inflicts no extra harm, but heals its wielder somewhat when it strikes a
   living foe.
   It protects you from negative energy.
Armour
 l - a +0 cloak (worn)
 w - a +2 pair of gloves of strength (worn)
 T - a +2 pair of boots of running (worn)
 W - the +3 crown of Dyrovepreva (worn) {rElec Int+2 SInv}
   (You found it on level 5 of the Lair of Beasts)

   It affects your intelligence (+2).
   It insulates you from electricity.
   It enhances your eyesight.
 X - the +12 plate armour of the Suns (worn) {rF+ Stlth+}
   (You bought it in a shop on level 4 of the Orcish Mines)

   It protects you from fire.
   It makes you more stealthy.
Magical devices
 o - a wand of digging (24)
 E - a wand of teleportation (5)
 G - a wand of teleportation (7)
 J - a wand of disintegration (8)
 Z - a wand of hasting (5)
Comestibles
 c - 18 bread rations
 N - 10 meat rations
Scrolls
 d - 12 scrolls of remove curse
 e - 4 scrolls of fog
 g - 3 scrolls of enchant armour
 m - 15 scrolls of teleportation
 r - 3 scrolls of fear
 t - 6 scrolls of enchant weapon
 v - 3 scrolls of noise
 x - 2 scrolls of vulnerability
 y - 9 scrolls of magic mapping
 D - 4 scrolls of holy word
 F - 7 scrolls of identify
 I - 3 scrolls of summoning
 U - 5 scrolls of blinking
 Y - a scroll of silence
Jewellery
 a - the ring of Curiosity {+/*Tele Str+4}
   (You found it in a labyrinth)

   [ring of teleportation]

   It causes random teleportation, and can be evoked to teleport at will.
   It affects your strength (+4).
 b - an amulet of clarity (around neck)
 k - an uncursed ring of positive energy
 C - an uncursed amulet of resist mutation
 H - an uncursed ring of flight
 L - a ring of protection from cold (left hand)
 V - a ring of poison resistance (right hand)
Potions
 h - a potion of resistance
 j - 3 potions of cure mutation
 n - 2 potions of restore abilities
 p - 4 potions of agility
 q - 13 potions of curing
 s - a potion of porridge
 u - 2 potions of invisibility
 z - 5 potions of haste
 A - 4 potions of magic
 B - 5 potions of might
 K - 2 potions of flight
 S - 3 potions of heal wounds
Miscellaneous
 i - a fan of gales


   Skills:
 + Level 21.8 Fighting
 - Level 26.2 Axes
 + Level 16.1 Armour
 - Level 2.1 Dodging


You had 17 spell levels left.
You didn't know any spells.

Dungeon Overview and Level Annotations

Branches:
Dungeon (13/15)            Temple (0/1) D:7             Orc (4/4) D:10
    Elf (0/3) Orc:4          Lair (8/8) D:11          Swamp (5/5) Lair:6
 Spider (5/5) Lair:4        Slime (0/6) Lair:6       Vaults (2/5) D:13
  Crypt: Vaults:2-3

Altars:
Cheibriados
Dithmenos
Fedhas
Makhleb
Qazlal
Trog
Beogh

Shops:
D:9 }   D:11 %   Orc:4 =([*[


Innate Abilities, Weirdness & Mutations

You reflexively headbutt those who attack you in melee.
You have a pair of horns on your head.


Message History

You slash the dire elephant! You headbutt the dire elephant.
The dire elephant is almost dead.
You slash the elephant!
You feel better.
The elephant is heavily wounded.
Unknown command.
You slice the dire elephant!!
You feel better.
You kill the dire elephant!
Trog accepts your kill.
You hit the elephant but do no damage.
The elephant is heavily wounded.
The elephant tramples you but does no damage.
The elephant trunk-slaps you but does no damage.
You slice the elephant!!
You feel better.
You headbutt the elephant.
The elephant is almost dead.
You open the elephant like a pillowcase!!!
You feel better.
The elephant is severely wounded.
You float gracefully downwards.
You fall into the lava!
The lava burns you to a cinder!
You die...

#≈#.≈ .≈. ≈....
≈≈§≈ #≈≈≈. #≈≈≈≈≈
..≈≈..#≈≈#≈.≈≈
..≈.#.§≈≈......
...≈§≈≈§...
###..≈≈≈..#
#!....≈YY.+
##.#@Y.Y###
#...≈§#......
##.§≈≈≈..§..§≈≈ #
.##.§.≈§.≈.§≈§ #
. ..
...§§≈§≈§§≈≈§#≈
..
....#.....≈.≈.§≈
.
.......#.....#...
.
........#.#....#
. ....#. #..# .#


You could see 4 elephants.

Vanquished Creatures
  Saint Roka (Swamp:2)
  the Lernaean hydra (Swamp:5)
  A bone dragon (Abyss:3)
  A tentacled monstrosity (Abyss:3)
  A tentacled starspawn (Abyss:3)
  Rupert (Swamp:2)
  Donald (Orc:3)
  An orc warlord (Orc:4)
  A draconian scorcher (Abyss:3)
  A frost giant (Vaults:1)
  3 ghost moths (Spider:5)
  7 emperor scorpions
  Gastronok (Orc:4)
  2 vault wardens (Vaults:1)
  A stone giant (Vaults:2)
  3 dire elephants (Abyss:3)
  A purple draconian (Abyss:3)
  Snorg (Lair:4)
  An eidolon (Abyss:1)
  2 green deaths
  A minotaur (Lab)
  4 vault guards (D:13)
  2 ironheart preservers (Vaults:1)
  3 yaktaur captains (Vaults:1)
  A ravenous item mimic (Lair:6)
  Fannar (D:12)
  A naga warrior (Abyss:1)
  2 great orbs of eyes (Vaults:1)
  A quicksilver dragon skeleton (Abyss:1)
  A rakshasa (Vaults:1)
  Nessos (Spider:2)
  16 hydras
  6 shambling mangroves
  6 alligators
  2 death yaks (Lair:8)
  The ghost of PotatoesMaster the Whirler, a powerful HaHu of Dithmenos (D:10)
  An ogre mage (Vaults:1)
  Urug (Orc:4)
  A sun demon (Orc:4)
  4 spriggans
  2 orc high priests
  4 wretched stars
  2 deep elf knights (Vaults:1)
  3 unseen horrors
  A deep elf summoner (Vaults:1)
  2 ice devils (Abyss:3)
  10 large abominations
  16 orb spiders
  A spriggan druid (Swamp:3)
  Erolcha (Orc:4)
  6 hill giants
  9 swamp dragons
  6 ironbrand convokers (Vaults:1)
  A giant orange brain (Vaults:1)
  An orc sorcerer (Orc:4)
  5 griffons
  7 orc knights
  3 red wasps
  32 wolf spiders
  A sixfirhy (Abyss:1)
  16 elephants
  2 manticores (Lair:8)
  3 worldbinders
  An apocalypse crab (Abyss:3)
  3 cyclopes
  Maurice (D:8)
  5 ugly things (Vaults:1)
  Joseph (D:9)
  2 smoke demons
  A centaur zombie (D:11)
  6 black mambas
  2 iron devils (Abyss:3)
  An eye of devastation (Lair:6)
  A guardian serpent (Abyss:1)
  A torpor snail (Spider:4)
  3 vault sentinels (Vaults:1)
  A moth of wrath (Spider:2)
  20 spiny frogs
  A queen ant (Spider:3)
  Psyche (D:8)
  4 kobold demonologists
  12 yaktaurs (Vaults:1)
  4 ancient zymes
  A komodo dragon (shapeshifter) (Vaults:1)
  9 komodo dragons
  An orange demon (Abyss:3)
  2 freezing wraiths
  16 jumping spiders
  2 deep elf priests (Vaults:1)
  12 demonic crawlers
  4 trolls
  A polar bear (shapeshifter) (Vaults:1)
  3 raiju
  2 blue devils
  2 baby alligators (Swamp:5)
  2 two-headed ogres
  27 blink frogs
  8 giant leeches
  5 bog bodies
  3 boulder beetles
  22 ravens
  An alligator zombie (Abyss:3)
  17 slime creatures
  4 basilisks
  37 redbacks
  8 starcursed masses
  2 shadows
  A basilisk (shapeshifter) (Vaults:1)
  15 tarantellas
  46 yaks
  A steam dragon (D:11)
  12 trapdoor spiders
  2 wraiths
  A spriggan (shapeshifter) (Abyss:3)
  A ynoxinul (Abyss:1)
  Eustachio (Orc:1)
  11 hippogriffs
  A deep elf mage (Vaults:1)
  2 golden eyes (Abyss:1)
  5 deep elf fighters
  27 swamp worms
  3 neqoxecs
  3 nagas (Abyss:1)
  22 vampire mosquitoes
  A hungry ghost (D:8)
  6 wargs
  Edmund (Orc:1)
  An ogre zombie (D:13)
  5 wolves (Lair:8)
  5 mottled dragons
  3 soldier ants (Spider:3)
  7 porcupines
  A porcupine (shapeshifter) (Abyss:1)
  22 water moccasins
  17 swamp drakes
  7 small abominations
  A phantom (D:9)
  28 orc warriors
  A sky beast (D:11)
  12 ice beasts
  22 spiders
  3 centaurs
  2 black bears
  23 ogres
  5 boggarts (Vaults:1)
  5 yellow wasps
  The ghost of Vidiiot the Cudgeler, an average MiIE (D:4)
  5 big kobolds
  21 crocodiles
  3 boring beetles
  Blork the orc (Orc:4)
  A cyclops zombie (D:11)
  14 giant frogs
  A water moccasin zombie (D:12)
  8 insubstantial wisps
  2 eyes of draining
  A spriggan skeleton (D:10)
  A troll skeleton (D:10)
  3 killer bees (D:10)
  9 scorpions
  4 crimson imps
  3 electric eels
  The ghost of Sedillia the Poker, an average NaGl (D:3)
  A soldier ant zombie (D:11)
  3 jellies
  A basilisk zombie (D:13)
  16 hounds
  32 orc priests
  2 quasits
  A centaur skeleton (D:10)
  3 iron imps (Abyss:3)
  14 worker ants
  16 iguanas
  An elf skeleton (D:13)
  A gnoll shaman (D:7)
  22 orc wizards
  21 sheep
  A big kobold skeleton (D:10)
  A big kobold zombie (D:9)
  A mummy (D:10)
  46 green rats
  32 adders
  2 shadow imps
  7 gnolls
  3 white imps
  An inept item mimic (D:3)
  5 worms
  4 ufetubi
  4 orc skeletons
  7 giant geckos
  An ooze (D:4)
  236 orcs
  9 giant cockroaches
  17 hobgoblins
  14 jackals
  19 kobolds
  9 quokkas
  A ball python (D:4)
  20 bats
  5 giant newts
  27 goblins
  A hobgoblin skeleton (D:4)
  A hobgoblin zombie (D:6)
  A kobold skeleton (D:4)
  A kobold zombie (D:6)
  2 quokka zombies
  18 rats
  A rat skeleton (D:6)
  5 ballistomycetes
  A briar patch (Swamp:3)
  5 fungi
  11 plants
1548 creatures vanquished.

Vanquished Creatures (collateral kills)
  Nikola (Swamp:2)
  A hellephant (Abyss:3)
  Asterion (Swamp:3)
  A thorn hunter (Swamp:3)
  A spectral weapon (Swamp:3)
  An ophan (Abyss:3)
  A very ugly thing (Swamp:5)
  A starcursed mass (Abyss:3)
  A fire dragon (Lair:8)
  4 hydras
  3 death yaks (Lair:8)
  A catoblepas (Lair:8)
  An orb spider (Spider:5)
  5 ugly things (Swamp:5)
  An orc sorcerer (Orc:4)
  A spiny frog (Lair:1)
  A komodo dragon (Lair:8)
  A basilisk (Lair:8)
  4 yaks (Lair:5)
  A steam dragon (Lair:8)
  A swamp drake (Lair:8)
  A black bear (Lair:5)
  2 crocodiles
  4 orc warriors
  3 insubstantial wisps (Swamp:2)
  4 orc priests (Orc:4)
  2 orc wizards (Orc:4)
  A sheep (Lair:7)
  7 orcs
  2 hobgoblins (Orc:4)
59 creatures vanquished.

Vanquished Creatures (others)
  A ghost moth (Spider:5)
  A stone giant (Swamp:2)
  An orc high priest (Orc:4)
  An iron troll (Swamp:5)
  A blink frog (Abyss:3)
  A swamp worm (Swamp:2)
  A giant frog (D:10)
  An orc wizard (D:9)
  An adder (Lair:1)
  7 orcs (Orc:4)
  2 giant spores
  2 fungi
  A plant (Lair:8)
21 creatures vanquished.

Grand Total: 1628 creatures vanquished

Notes
Turn   | Place    | Note
--------------------------------------------------------------
     0 | D:1      | HungrySpirit, the Minotaur Berserker, began the quest for the Orb.
     0 | D:1      | Reached XP level 1. HP: 19/19 MP: 1/1
   120 | D:1      | Reached skill level 4 in Axes
   237 | D:1      | Reached XP level 2. HP: 24/26 MP: 1/1
   595 | D:1      | Reached skill level 5 in Axes
   700 | D:1      | Reached XP level 3. HP: 28/31 MP: 2/2
   702 | D:1      | Acquired Trog's second power
  1010 | D:2      | Reached XP level 4. HP: 35/39 MP: 2/2
  1126 | D:2      | Reached skill level 6 in Axes
  1620 | D:3      | Noticed a centaur
  1630 | D:3      | Killed a centaur
  1630 | D:3      | Reached skill level 7 in Axes
  1630 | D:3      | Reached XP level 5. HP: 18/45 MP: 2/2
  1815 | D:3      | Noticed Sedillia's ghost (average NaGl)
  1824 | D:3      | Killed Sedillia's ghost
  1824 | D:3      | Reached skill level 8 in Axes
  1863 | D:3      | Noticed a giant frog
  1867 | D:3      | Killed a giant frog
  1867 | D:3      | Reached XP level 6. HP: 51/51 MP: 3/3
  1957 | D:3      | Acquired Trog's third power
  2001 | D:3      | Found a burning altar of Makhleb.
  2027 | D:3      | Reached skill level 9 in Axes
  2131 | D:3      | Found a snail-covered altar of Cheibriados.
  2131 | D:3      | Found a bloodstained altar of Trog.
  2641 | D:4      | Noticed Vidiiot's ghost (average MiIE)
  2653 | D:4      | Killed Vidiiot's ghost
  2716 | D:4      | Reached XP level 7. HP: 57/57 MP: 3/3
  3542 | D:5      | Entered Level 5 of the Dungeon
  3550 | D:5      | Reached skill level 10 in Axes
  4882 | D:6      | Found a blossoming altar of Fedhas.
  4887 | D:6      | Reached XP level 8. HP: 46/64 MP: 3/3
  4939 | D:6      | Reached skill level 11 in Axes
  4988 | D:6      | Reached skill level 5 in Armour
  5521 | D:5      | Reached skill level 12 in Axes
  6171 | D:7      | Found a stormy altar of Qazlal.
  6182 | D:7      | Found a shadowy altar of Dithmenos.
  6264 | D:7      | Found a staircase to the Ecumenical Temple.
  6532 | D:8      | Reached XP level 9. HP: 62/70 MP: 4/4
  6736 | D:8      | Noticed Maurice
  6742 | D:8      | Paralysed by something for 3 turns
  6748 | D:8      | Reached skill level 13 in Axes
  6754 | D:8      | Paralysed by something for 4 turns
  6760 | D:8      | Paralysed by something for 6 turns
  6775 | D:8      | Killed Maurice
  6890 | D:8      | Noticed Psyche
  6904 | D:8      | Killed Psyche
  7036 | D:8      | Reached skill level 14 in Axes
  7455 | D:9      | Received a gift from Trog
  7489 | D:9      | Noticed Joseph
  7499 | D:9      | Killed Joseph
  7499 | D:9      | Reached skill level 5 in Fighting
  7603 | D:9      | Found Enluma's Gadget Shop.
  7609 | D:9      | Reached XP level 10. HP: 73/81 MP: 1/4
  7614 | D:9      | Bought a wand of teleportation (5) for 324 gold pieces
  7983 | D:9      | Reached skill level 15 in Axes
  8146 | D:10     | Entered Level 10 of the Dungeon
  8298 | D:10     | Noticed a hill giant
  8300 | D:10     | Noticed an orc knight
  8334 | D:10     | Killed a hill giant
  8382 | D:10     | Noticed an orc knight
  8386 | D:10     | Killed an orc knight
  8386 | D:10     | Reached skill level 16 in Axes
  8441 | D:10     | Killed an orc knight
  8514 | D:10     | Found a roughly hewn altar of Beogh.
  8523 | D:10     | Found a staircase to the Orcish Mines.
  8559 | D:10     | Received a gift from Trog
  8650 | D:10     | Reached XP level 11. HP: 82/94 MP: 4/4
  8799 | D:10     | Noticed PotatoesMaster's ghost (powerful HaHu)
  8842 | D:10     | Killed PotatoesMaster's ghost
  9049 | D:11     | Found Qeekep's Food Shoppe.
  9103 | D:11     | Reached skill level 17 in Axes
  9141 | D:11     | Killed an unseen horror
  9355 | D:11     | Found a staircase to the Lair.
  9615 | D:11     | Noticed a hill giant
  9618 | D:11     | Killed a hill giant
  9831 | Lair:1   | Entered Level 1 of the Lair of Beasts
  9836 | Lair:1   | Reached skill level 10 in Fighting
  9836 | Lair:1   | Reached skill level 18 in Axes
 10000 | Lair:1   | Received a gift from Trog
 10340 | Lair:1   | Identified a scroll of acquirement
 10372 | Lair:1   | Found a frozen archway.
 10385 | IceCv    | Entered an ice cave
 10404 | IceCv    | Reached XP level 12. HP: 103/107 MP: 5/5
 10434 | IceCv    | Noticed an ice statue
 10434 | IceCv    | Noticed an ice statue
 10434 | IceCv    | Noticed an ice statue
 10839 | Lair:2   | Reached skill level 19 in Axes
 12326 | Lair:3   | Noticed a five-headed hydra
 12329 | Lair:3   | Killed a five-headed hydra
 12714 | Lair:3   | Reached skill level 20 in Axes
 13074 | Lair:4   | Found a hole to the Spider Nest.
 13505 | Lair:4   | Noticed Snorg
 13517 | Lair:4   | Killed Snorg
 13517 | Lair:4   | Received a gift from Trog
 14093 | Lair:4   | Reached XP level 13. HP: 116/119 MP: 5/5
 15020 | Lair:6   | Received a gift from Trog
 15087 | Lair:6   | Found a staircase to the Swamp.
 15090 | Lair:6   | Found a labyrinth entrance.
 15099 | Lab      | Entered a labyrinth
 15323 | Lab      | Got an iridescent war axe
 15324 | Lab      | Identified the +3 war axe of Epenwok {holy, rF+} (You took it off a minotaur in a labyrinth)
 15339 | Lab      | Got a glittering lapis lazuli ring
 15353 | Lab      | Identified a +2 pair of boots of running (You found it in a labyrinth)
 15354 | Lab      | Identified the ring of Curiosity {+/*Tele Str+4} (You found it in a labyrinth)
 15553 | Lair:6   | Found a staircase to the Slime Pits.
 15558 | Lair:6   | Reached skill level 21 in Axes
 15780 | Lair:6   | Upgraded the game from 0.15.0-8-gb109cf8 to 0.15.0-11-g6f4f891
 15876 | Lair:6   | Got a pair of brightly glowing boots
 15887 | Lair:6   | Identified the cursed -3 pair of boots of Midnight {Dex+4 Int+4} (You found it on level 6 of the Lair of Beasts)
 16339 | Lair:7   | Received a gift from Trog
 16825 | Lair:8   | Entered Level 8 of the Lair of Beasts
 17036 | Lair:8   | Reached skill level 22 in Axes
 17037 | Lair:8   | Reached XP level 14. HP: 59/132 MP: 5/5
 17555 | Lair:8   | Received a gift from Trog
 19261 | Orc:1    | Entered Level 1 of the Orcish Mines
 19268 | Orc:1    | Noticed Eustachio
 19273 | Orc:1    | Killed Eustachio
 19323 | Orc:1    | Noticed Edmund
 19329 | Orc:1    | Killed Edmund
 19701 | Orc:3    | Noticed Donald
 19710 | Orc:3    | Killed Donald
 19738 | Orc:3    | Found a roughly hewn altar of Beogh.
 19855 | Orc:3    | Received a gift from Trog
 20301 | Orc:3    | Found a roughly hewn altar of Beogh.
 20529 | Orc:2    | Received a gift from Trog
 20891 | Orc:2    | Reached skill level 15 in Fighting
 21182 | Orc:4    | Entered Level 4 of the Orcish Mines
 21182 | Orc:4    | Found a staircase to the Elven Halls.
 21182 | Orc:4    | Noticed Urug
 21202 | Orc:4    | Killed Urug
 21202 | Orc:4    | Reached skill level 23 in Axes
 21491 | Orc:4    | Found Stoapnin's Armour Shoppe.
 21491 | Orc:4    | Noticed Erolcha
 21498 | Orc:4    | Killed Erolcha
 21659 | Orc:4    | Noticed an orc warlord
 21812 | Orc:4    | Noticed Blork the orc
 21845 | Orc:4    | Received a gift from Trog
 22192 | Orc:4    | Found a roughly hewn altar of Beogh.
 22206 | Orc:4    | Killed an orc warlord
 22212 | Orc:4    | Killed Blork the orc
 22215 | Orc:4    | Found Quttoutru's Antique Weapon Shoppe.
 22338 | Orc:4    | Found Vumevon's General Store.
 22372 | Orc:4    | Found Pseituaq's Jewellery Shoppe.
 22383 | Orc:4    | Bought an uncursed ring of poison resistance for 280 gold pieces
 22395 | Orc:4    | Found Pimit's Antique Armour Shoppe.
 22402 | Orc:4    | Bought a dyed leather armour for 58 gold pieces
 22440 | Orc:4    | Bought the +12 plate armour of the Suns {rF+ Stlth+} for 1596 gold pieces
 22469 | Orc:4    | Bought a pair of embroidered gloves for 130 gold pieces
 22785 | Orc:4    | Noticed Gastronok
 22802 | Orc:4    | Killed Gastronok
 22947 | D:12     | Received a gift from Trog
 23240 | D:12     | Noticed Fannar
 23246 | D:12     | Killed Fannar
 23406 | D:12     | Found a roughly hewn altar of Beogh.
 24117 | Swamp:1  | Entered Level 1 of the Swamp
 24360 | Swamp:1  | Reached XP level 15. HP: 132/143 MP: 6/6
 24527 | Swamp:1  | Received a gift from Trog
 25096 | Swamp:2  | Reached skill level 24 in Axes
 25226 | Swamp:2  | Noticed Rupert
 25230 | Swamp:2  | Paralysed by Rupert for 2 turns
 25234 | Swamp:2  | Killed Rupert
 25278 | Swamp:2  | Noticed Saint Roka
 25279 | Swamp:2  | Noticed Nikola
 25296 | Swamp:2  | Killed Saint Roka
 25333 | Swamp:2  | Killed Nikola
 26789 | Swamp:3  | Noticed a thorn hunter
 26800 | Swamp:3  | Killed a thorn hunter
 27051 | Swamp:3  | Received a gift from Trog
 27275 | Swamp:3  | Noticed Asterion
 27284 | Swamp:3  | Killed Asterion
 27493 | Swamp:4  | Reached skill level 25 in Axes
 27989 | Swamp:5  | Entered Level 5 of the Swamp
 28866 | Swamp:5  | Received a gift from Trog
 28874 | Swamp:5  | Reached XP level 16. HP: 117/155 MP: 6/6
 29621 | Swamp:5  | Noticed the 27-headed Lernaean hydra
 29636 | Swamp:5  | Killed the 24-headed Lernaean hydra
 30048 | Swamp:5  | Got a decaying rune of Zot
 30367 | Spider:1 | Entered Level 1 of the Spider Nest
 30425 | Spider:1 | Reached skill level 26 in Axes
 30600 | Spider:1 | Received a gift from Trog
 31355 | Spider:2 | Received a gift from Trog
 31407 | Spider:2 | Noticed Nessos
 31414 | Spider:2 | Killed Nessos
 32537 | Spider:4 | Reached skill level 10 in Armour
 32537 | Spider:4 | Reached XP level 17. HP: 155/166 MP: 6/6
 32566 | Spider:4 | Received a gift from Trog
 33224 | Spider:5 | Entered Level 5 of the Spider Nest
 34008 | Spider:5 | Received a gift from Trog
 34028 | Spider:5 | Got a jewelled executioner's axe {god gift}
 34033 | Spider:5 | Identified the +6 executioner's axe of the Manifold Stars {vamp, rN+} (Trog gifted it to you on level 5 of the Spider Nest)
 34405 | Spider:5 | Got a gossamer rune of Zot
 35160 | D:13     | Found a gate to the Vaults.
 35511 | Vaults:1 | Entered Level 1 of the Vaults
 35519 | Vaults:1 | Received a gift from Trog
 35710 | Vaults:1 | Received a gift from Trog
 36402 | Vaults:1 | Reached XP level 18. HP: 180/180 MP: 7/7
 37084 | Vaults:2 | Received a gift from Trog
 37155 | Vaults:2 | Cast into the Abyss (deep elf sorcerer)
 37385 | Abyss:1  | Found a sparkling altar of Nemelex Xobeh.
 37433 | Abyss:1  | Got an ichor-stained plate armour
 37434 | Abyss:1  | Identified the cursed +8 plate armour of Dithmenos' Approval {Dex-3 Int+3} (You found it on level 1 of the Abyss)
 37626 | Abyss:1  | Noticed a bone dragon
 37626 | Abyss:1  | Reached skill level 15 in Armour
 38133 | Abyss:3  | Noticed a bone dragon
 38150 | Abyss:3  | Killed a bone dragon
 38247 | Abyss:3  | Took a swim in molten lava

Action                   |  1- 3 |  4- 6 |  7- 9 | 10-12 | 13-15 | 16-18 || total
-------------------------+-------+-------+-------+-------+-------+-------++-------
Melee: Hand axe          |    82 |   158 |    13 |       |       |       ||   253
       War axe           |       |       |   340 |       |       |       ||   340
       Battleaxe         |       |       |    10 |   488 |       |       ||   498
       Executioner's axe |       |       |       |    62 |  1126 |  1034 ||  2222
Invok: Berserk           |       |     2 |     6 |     8 |     5 |     3 ||    24
       Trog's Hand       |       |       |       |     1 |     1 |     6 ||     8
       Brothers in Arms  |       |       |       |     1 |    11 |     5 ||    17
Evoke: Wand              |       |     1 |     7 |     5 |     2 |     4 ||    19
  Use: Scroll            |       |       |    18 |     8 |    21 |     4 ||    51
       Potion            |       |       |     4 |     2 |     1 |     4 ||    11
 Stab: Distracted        |       |       |       |       |     7 |     1 ||     8
       Confused          |       |       |       |       |     1 |       ||     1
  Eat: Chunk             |       |     5 |    23 |    25 |    31 |    22 ||   106
       Beef jerky        |       |     1 |       |       |       |     1 ||     2
       Pizza             |       |       |       |     2 |       |       ||     2
       Fruit             |       |       |       |     1 |     9 |       ||    10
       Royal jelly       |       |       |       |       |     2 |     1 ||     3
       Meat ration       |       |       |       |       |     2 |     3 ||     5
